Cogmind - Beta 13 @@@ ROGUE MODE // 2024.04.19 @ 03:18:55 Player: AshCrow Result: Destroyed by G-47 Trooper with Particle Gun Performance ------------- Evolutions (2) 1000 Regions Visited (4) 800 Robots Destroyed (28) 140 Value Destroyed (903) 903 Prototype IDs (1) 20 Alien Tech Used (0) 0 Bonus (200) 200 TOTAL SCORE: 3063 Bonus ------- Pacifist 200 Cogmind --------- Core Integrity 0/550 Matter 300/300 Energy 99/100 System Corruption 0% Temperature Cool (9) Movement Core (250) Ox4 Location -8/Materials Parts ------- > --- POWER (1) -------- (None) > --- PROPULSION (4) --- (None) > --- UTILITY (4) ------ Medium Storage Unit > --- WEAPON (2) ------- Maul > --- INVENTORY (10) --- Structural Scanner Sensor Array EM Pulse Cannon Maul Peak State ------------ > --- POWER ------------ Ion Engine > --- PROPULSION ------- Aluminum Leg Aluminum Leg Aluminum Leg Improved Aluminum Leg > --- UTILITY ---------- Weight Redist. System Melee Analysis Suite Improved Weapon Shielding Hardened Medium Armor Plating > --- WEAPON ----------- Maul Katana > --- INVENTORY -------- Structural Scanner Sensor Array EM Pulse Cannon Maul [Rating: 22] Favorites ----------- Power Ion Engine Engine Ion Engine Propulsion Light Treads Treads Light Treads Leg Improved Aluminum Leg Flight Unit Improved Flight Unit Utility Melee Analysis Suite Device Sensor Array Storage Small Storage Unit Processor Melee Analysis Suite Protection Improved Weapon Shielding Weapon Katana Energy Gun Medium Laser Energy Cannon EM Pulse Cannon Ballistic Gun Assault Rifle Launcher Grenade Launcher Impact Weapon Maul Slashing Weapon Katana Build | -11 -10 -10 -9 -8 ------- Run | Yrd Mat Min Mat Mat Slots Evolved 4 | . . . 2 2 Power . | . . . . . Propulsion 2 | . . . 1 1 Utility 2 | . . . 1 1 Weapon . | . . . . . Parts Attached 28 | 4 4 . 13 7 Power 2 | 1 . . 1 . Engine 2 | 1 . . 1 . Core . | . . . . . Reactor . | . . . . . Propulsion 8 | 2 . . 3 3 Treads 2 | 2 . . . . Leg 5 | . . . 2 3 Wheel . | . . . . . Hover . | . . . . . Flight 1 | . . . 1 . Utility 10 | 1 1 . 4 4 Device 4 | . 1 . 1 2 Storage 2 | 1 . . . 1 Processor 1 | . . . 1 . Hackware . | . . . . . Protection 3 | . . . 2 1 Artifact . | . . . . . Weapon 8 | . 3 . 5 . Energy Gun 3 | . 1 . 2 . Energy Cannon 1 | . . . 1 . Ballistic Gun 1 | . 1 . . . Ballistic Cannon . | . . . . . Launcher 1 | . 1 . . . Special Weapon . | . . . . . Impact Weapon 1 | . . . 1 . Slashing Weapon 1 | . . . 1 . Piercing Weapon . | . . . . . Special Melee Weapon . | . . . . . Unidentified Prototypes 1 | . . . 1 . Parts Lost 13 | . . . 2 11 Power 1 | . . . . 1 Propulsion 5 | . . . 1 4 Utility 5 | . . . . 5 Weapon 2 | . . . 1 1 Highest Loss Streak 4 | . . . 2 4 To Critical Strikes . | . . . . . Average Slot Usage (%) 78 | . 90 100 77 71 Engine 9 | . 14 14 11 6 Treads 7 | . 28 28 3 . Leg 10 | . . . 8 17 Device 8 | . 7 14 12 4 Storage 4 | . 14 14 3 . Processor 6 | . . . 7 8 Protection 10 | . . . 9 17 Energy Gun 6 | . 12 14 9 . Ballistic Gun 3 | . 12 14 1 . Impact Weapon 4 | . . . . 9 Slashing Weapon 5 | . . . 9 6 Naked Turns . | . . . . . Heaviest Build 23 | 8 13 13 18 23 Greatest Support 49 | 40 40 40 40 49 Greatest Overweight (x) 4 | . . . 1 4 Average Overweight (x) . | . . . . . Largest Inventory Capacity 10 | 8 8 8 8 10 Average Capacity 6 | 6 8 8 5 5 Most Carried 8 | 4 4 3 8 5 Average Carried 3 | 1 2 3 4 4 Final Capacity 10 | 8 8 8 5 10 Final Carried 5 | 3 3 3 5 4 Class Distribution -------------------- 48% | Mutant 29% | Scavenger-Gladiator 21% | Scavenger-Mutant Dominant Class ---------------- Mutant | -10/Materials Mutant | -10/Mines Scavenger-Mutant | -9/Materials Scavenger-Gladiator | -8/Materials Resources | -11 -10 -10 -9 -8 ----------- Run | Yrd Mat Min Mat Mat Matter Collected 507 | 226 . . 147 134 Remotely . | . . . . . Salvage Created 1175 | . . . 203 972 Parts 42 | . . . 13 29 Haulers Intercepted . | . . . . . Recyclers Shooed . | . . . . . Parts Field Recycled . | . . . . . Retrieved Matter . | . . . . . Parts Self-Destructed . | . . . . . Prevented . | . . . . . Kills | -11 -10 -10 -9 -8 ------- Run | Yrd Mat Min Mat Mat Combat Hostiles Destroyed 21 | . . . 4 17 Melee 15 | . . . 1 14 Guns 3 | . . . 3 . Classes Destroyed 8 | . . . 4 4 Worker 1 | . . . . 1 Builder 2 | . . . 1 1 Tunneler 1 | . . . . 1 Recycler 3 | . . . . 3 Swarmer 3 | . . . . 3 Grunt 14 | . . . 2 12 Duelist 1 | . . . 1 . Sentry 3 | . . . 1 2 Best Kill Streak 5 | . . . 3 5 Combat Bots Only 3 | . . . 3 3 Max Kills in Single Turn 1 | . . . 1 1 Gunslinging . | . . . . . Exploded . | . . . . . Melee 1 | . . . 1 1 Uniques/NPCs Destroyed . | . . . . . Combat | -11 -10 -10 -9 -8 -------- Run | Yrd Mat Min Mat Mat Hostile Shots Fired 190 | . 15 . 33 142 Missed 50 | . 8 . 4 38 Damage Taken 2130 | . 56 . 456 1618 Core 680 | . 16 . 104 560 Absorbed by Shields . | . . . . . Redirected to Shielding 110 | . . . . 110 Core Remaining (%) 89 | 100 . 93 74 . Volleys Fired 17 | . . . 17 . Largest 2 | . . . 2 . Hottest 90 | . . . 90 . Shots Fired 31 | . . . 31 . Gun 31 | . . . 31 . Cannon . | . . . . . Launcher . | . . . . . Special . | . . . . . Kinetic 10 | . . . 10 . Thermal 17 | . . . 17 . Explosive . | . . . . . Electromagnetic 4 | . . . 4 . Robot Hit Streak 5 | . . . 5 . Robot Miss Streak 3 | . . . 3 . Penetration Max . | . . . . . Secondary Targets 1 | . . . 1 . Max Gunslinging Chain 1 | . . . 1 . Shots Hit Robots 71 | . . . 25 46 Core Hits 21 | . . . 8 13 Critical Kills 2 | . . . . 2 Critical Parts Destroyed 11 | . . . . 11 Critical Strikes 15 | . . . 2 13 Burn 2 | . . . 2 . Smash 13 | . . . . 13 Melee Attacks 61 | . . . 5 56 Impact 52 | . . . . 52 Slashing 9 | . . . 5 4 Piercing . | . . . . . Sneak Attacks 8 | . . . 1 7 Combat Hostiles . | . . . . . Follow-up Attacks 2 | . . . . 2 Damage Inflicted 2701 | . . . 429 2272 Guns 262 | . . . 262 . Cannons . | . . . . . Explosions 185 | . . . . 185 Melee 2254 | . . . 167 2087 Ramming . | . . . . . Kinetic 90 | . . . 90 . Thermal 321 | . . . 136 185 Explosive . | . . . . . Electromagnetic 36 | . . . 36 . Impact 2023 | . . . . 2023 Slashing 231 | . . . 167 64 Piercing . | . . . . . Highest Corruption 3 | . 3 3 . . Average Corruption 2 | . 2 3 . . Corruption Purged . | . . . . . Corruption Blocked . | . . . . . Effects 4 | . 4 . . . Matter Fused 1 | . 1 . . . Energy Discharges 2 | . 2 . . . Data Loss (minor) 1 | . 1 . . . Overload Shots . | . . . . . Overflow Damage 957 | . . . 35 922 Projectiles . | . . . . . Explosions 106 | . . . . 106 Melee 851 | . . . 35 816 Knockbacks 9 | . . . . 9 Impact 9 | . . . . 9 Kinetic . | . . . . . Secondary . | . . . . . Self-Inflicted Damage 101 | . . . . 101 Shots 1 | . . . . 1 Rammed . | . . . . . Targets Rammed . | . . . . . Kicked . | . . . . . Crushed . | . . . . . Highest Temperature 163 | . . . 163 10 Average Temperature 59 | . . . 66 5 Received Heat Transfer 969 | . . . 150 819 Siege Activations . | . . . . . Robots Corrupted . | . . . . . Combat Hostiles . | . . . . . Parts Fried 16 | . . . . 16 Impact Corruptions 25 | . . . . 25 Robots Melted . | . . . . . Combat Hostiles . | . . . . . Parts Melted 3 | . . . 2 1 Heat Transferred 705 | . . . 555 150 Parts Sabotaged . | . . . . . Parts Stolen . | . . . . . Parts Stripped . | . . . . . Power Chain Reactions . | . . . . . Alert | -11 -10 -10 -9 -8 ------- Run | Yrd Mat Min Mat Mat Peak Influence 336 | . . . 100 336 Initial 5 | . . . . 5 Average 78 | . . . 46 151 Maximum Alert Level 1 | . . . . 1 Low Security (%) 85 | 100 100 100 100 64 Level 1 14 | . . . . 35 Level 2 . | . . . . . Level 3 . | . . . . . Level 4 . | . . . . . Level 5 . | . . . . . High Security . | . . . . . Max Security . | . . . . . Squads Dispatched 7 | . 1 . . 6 Investigation 1 | . . . . 1 Extermination . | . . . . . Reinforcement 3 | . 1 . . 2 Assault . | . . . . . Garrison 3 | . . . . 3 Intercept . | . . . . . Searches Triggered . | . . . . . Construction Impeded 1 | . . . . 1 Haulers Reinforced . | . . . . . Active Scanning Responses . | . . . . . Cargo Convoy Interrupts . | . . . . . Stealth | -11 -10 -10 -9 -8 --------- Run | Yrd Mat Min Mat Mat Distress Signals 3 | . . . . 3 Communications Jammed . | . . . . . Distress Signals . | . . . . . Times Spotted 40 | . 4 . 5 31 Peak Tracking Total 5 | . 4 . 3 5 Tactical Retreats 3 | . . . . 3 Traps | -11 -10 -10 -9 -8 ------- Run | Yrd Mat Min Mat Mat Traps Triggered 2 | . 2 . . . Indirectly . | . . . . . Trap Hack Attempts . | . . . . . Triggered . | . . . . . Disarmed . | . . . . . Reprogrammed . | . . . . . Reused . | . . . . . Traps Extracted . | . . . . . Installed . | . . . . . Triggered 1 | . . . . 1 Machines | -11 -10 -10 -9 -8 ---------- Run | Yrd Mat Min Mat Mat Machines Disabled 2 | . . . . 2 Max in Single Turn 2 | . . . . 2 Machines Repaired . | . . . . . Machines Dismantled . | . . . . . Machines Sabotaged . | . . . . . Overloaded Fab Kills . | . . . . . Hacking | -11 -10 -10 -9 -8 --------- Run | Yrd Mat Min Mat Mat Machines Accessed 1 | . 1 . . . Terminals 1 | . 1 . . . Fabricators . | . . . . . Repair Stations . | . . . . . Recycling Units . | . . . . . Scanalyzers . | . . . . . Garrison Access . | . . . . . Total Hacks 1 | . 1 . . . Successful . | . . . . . Failed 1 | . 1 . . . Catastrophic . | . . . . . Database Lockouts . | . . . . . Manual . | . . . . . Terminals 1 | . 1 . . . Fabricators . | . . . . . Repair Stations . | . . . . . Recycling Units . | . . . . . Scanalyzers . | . . . . . Garrison Access . | . . . . . Terminal Hacks . | . . . . . Fabricator Hacks . | . . . . . Repair Station Hacks . | . . . . . Recycling Unit Hacks . | . . . . . Scanalyzer . | . . . . . Garrison Access Hacks . | . . . . . Unauthorized Hacks . | . . . . . Terminals . | . . . . . Fabricators . | . . . . . Repair Stations . | . . . . . Recycling Units . | . . . . . Scanalyzers . | . . . . . Garrison Access . | . . . . . Data Cores Recovered . | . . . . . Used . | . . . . . Hacking Detections 1 | . 1 . . . Full Trace Events . | . . . . . Feedback Events . | . . . . . Feedback Blocked . | . . . . . Robot Schematics Acquired . | . . . . . Robots Built . | . . . . . Authchips . | . . . . . Time . | . . . . . Total Robot Build Rating . | . . . . . Part Schematics Acquired . | . . . . . Parts Built . | . . . . . Authchips . | . . . . . Time . | . . . . . Total Part Build Rating . | . . . . . Parts Repaired . | . . . . . Time . | . . . . . Parts Recycled . | . . . . . Recycled Matter . | . . . . . Retrieved Matter . | . . . . . Retrieved Components . | . . . . . Parts Scanalyzed . | . . . . . Part Schematics Acquired . | . . . . . Parts Damaged . | . . . . . Bothacking | -11 -10 -10 -9 -8 ------------ Run | Yrd Mat Min Mat Mat Used RIF Installer . | . . . . . Robots Hacked . | . . . . . Non-combat . | . . . . . Combat . | . . . . . Robot Hacks Applied . | . . . . . Relay Couplers Released . | . . . . . Fabnet Peak Effective % . | . . . . . Robots Rewired . | . . . . . Allies Hacked . | . . . . . Hacks Repelled . | . . . . . Allies | -11 -10 -10 -9 -8 -------- Run | Yrd Mat Min Mat Mat Total Allies . | . . . . . Largest Group . | . . . . . Highest-Rated Group . | . . . . . Highest-Rated Ally . | . . . . . Total Orders . | . . . . . Ally Attacks . | . . . . . Total Damage . | . . . . . Kills . | . . . . . Allies Corrupted . | . . . . . Allies Melted . | . . . . . Intel | -11 -10 -10 -9 -8 ------- Run | Yrd Mat Min Mat Mat Robot Analysis Total . | . . . . . Derelict Logs Recovered . | . . . . . Drone Launches . | . . . . . Drone Recoveries . | . . . . . Exploration | -11 -10 -10 -9 -8 ------------- Run | Yrd Mat Min Mat Mat Turns Passed 1861 | 86 314 69 627 765 Spaces Moved 1144 | 53 192 44 376 479 Core 153 | 8 . . . 145 Treads 339 | 45 192 44 58 . Legs 652 | . . . 318 334 Wheels . | . . . . . Hover . | . . . . . Flight . | . . . . . Fastest Speed 50 | 50 160 160 120 50 Average Speed 137 | 143 160 160 140 124 Slowest Speed 250 | 160 160 160 190 250 Overloaded Moves . | . . . . . Propulsion Burnouts . | . . . . . Robots Hopped . | . . . . . Cave-ins Triggered . | . . . . . Exploration Rate (%) 15 | 5 22 12 22 17 Regions Visited 4 Branch Regions 1 Pre-discovered Areas . | . . . . . Known Exits Taken . | . . . . . Unknown Exits Taken 4 | 1 1 1 1 . Scrap Searched . | . . . . . Spaces Dug . | . . . . . Terrain Destroyed 20 | . . . . 20 Melee . | . . . . . Projectile . | . . . . . AOE 20 | . . . . 20 Terrain Rammed . | . . . . . Walls Destroyed . | . . . . . Machines Disabled . | . . . . . Actions | -11 -10 -10 -9 -8 --------- Run | Yrd Mat Min Mat Mat Total 1287 | 63 198 43 436 547 Wait . | . . . . . Move 1140 | 52 191 43 375 479 Hop . | . . . . . Pick Up 32 | 7 3 . 15 7 Fast Attach . | . . . . . Attach 16 | 4 3 . 3 6 Detach . | . . . . . Swap 12 | . 1 . 10 1 Drop 13 | . . . 11 2 Fire 17 | . . . 17 . Melee 57 | . . . 5 52 Ram . | . . . . . Kick . | . . . . . Crush . | . . . . . Escape Stasis . | . . . . . Rewire . | . . . . . Trap . | . . . . . Miscellaneous . | . . . . . Route ------- -11/Scrapyard -10/Materials -10/Mines -9/Materials -8/Materials History --------- Turn | Location | Event 5 | -11/Scrapyard | Discovered new exit (range 14) 87 | -11/Scrapyard | Entered Materials 305 | -10/Materials | Build established: Mutant 375 | -10/Materials | Discovered new exit (range 16) 401 | -10/Materials | Entered Mines 459 | -10/Mines | Discovered new exit (range 6) 470 | -10/Mines | Entered Materials 470 | -9/Materials | Evolved 2 slots: Propulsion x1, Utility x1 1004 | -9/Materials | Discovered new exit (range 15) 1007 | -9/Materials | Build established: Scavenger-Mutant 1097 | -9/Materials | Entered another Materials area 1097 | -8/Materials | Evolved 2 slots: Propulsion x1, Utility x1 1367 | -8/Materials | Build established: Scavenger-Gladiator 1521 | -8/Materials | Garrison activated, responded to threat 1674 | -8/Materials | Lost 4 parts (1p2n1w) 1822 | -8/Materials | Core integrity fell below 50% 1845 | -8/Materials | Core integrity fell below 20% 1862 | -8/Materials | Destroyed by G-47 Trooper with Particle Gun Last Messages --------------- G-47 Trooper suffers critical hit (Smash). G-47 Trooper destroyed. K-01 Serf collects debris. U-05 Engineer lays Concrete. K-01 Serf collects debris. Melee Analysis Suite destroyed. Critical hit (Burn: +37). G-47 Trooper suffers critical hit (Smash). G-47 Trooper destroyed. K-01 Serf collects debris. R-06 Scavenger collects Particle Gun. Weight Redist. System destroyed. Sneak attack on K-01 Serf. Destroyed Wheel. K-01 Serf system corrupted by crushing effect. R-06 Scavenger collects Terrain Scan Processor. R-06 Scavenger collects Lgt. Nuclear Core. R-06 Scavenger collects Lgt. Ion Engine. R-06 Scavenger collects Imp. Heat Sink. U-05 Engineer builds a Door. Map ----- +----------------------------------------------------+ | ???????????????????????????? ????????????????????? | | ???????????????????????????? ????????????????????? | | ???????????????????????????? ????????????????????? | | ???????????????????????????? ????????????????????? | | ???????????????????????????# #???????????????????? | | ???????????????????????????# #???????????????????? | | ???????????????????????????# #???????????????????? | | ???????????????????????????# #???????????????????? | | ???????????????????????????# #???????????????????? | | ???????????????????????????# #???????????????????? | | ???????????????????????????# #???????????????????? | | ???????????????????????????#^#???????????????????? | | ????????????######?????????# #???????????????????? | | ???????????##!!!!##????????# #?##########????????? | | ???????????#! !#????????# #?# #????????? | | ???????????# #######??# #?# [ #????????? | | ####### # ####%### #????????? | | #% """ #????????? | | % % + """"" #????????? | | %% % #%""""" #????????? | | ##########/### ###### # """" #????????? | | ???????????# % ##% ####### # """ #????????? | | ???????????# ## # # # #????????? | | ???????????#// ## %# #+###########???????? | | ???????????#// ## %+ # #???????? | | ???????????#/ ## #g@g #[ ##??????? | | ???????????# [ ## + r *# % #??????? | | ???????????#+####### u# [+% " ##??????? | | ???????????# #?????### #r%|%=# "" #???????? | | ???????????# #???????# # =! # S" #???????? | | ???????????# #???????# # # #???????? | | ??????????## ##??????# ############+######???????? | | ??????????# #??????# #???###"""# ???????? | | ???######## #??????# #???# # #######??????? | | #??????# #???# """ # ##???????????? | | ???######## #??????# #???# """ # #????????????? | | ########### #??????# #???# """ # #????????????? | | # ## #??????# #???# """ # #????????????? | | # """ ## ##?????# ##??# ? # #????????????? | | # """ # ####### # ?? + #????????????? | | # ! """%#= # ? # #????????????? | | # % %+% ?#??### #????????????? | | # [ """%# ??????? #????????????? | | # """ # ###+### ??????? #????????????? | | # """ ## ##?? ?#? ????????? ?????????????? | | # ## #???? #???????????????????????????? | | ########### #????? #???????????????????????????? | | ??????????# #??????#???????????????????????????? | | ??????????# #??????????????????????????????????? | | ??????????# #??????????????????????????????????? | +----------------------------------------------------+ Best States ------------- Heat Dissipation 31 Energy Generation 10 Energy Capacity 250 Matter Stores 300 Matter Capacity 300 Sight Range 16 Robot Scan Range 14 Terrain Scan Density 10 Additional Mass Support 6 Armor Coverage 375 Weapon Shielding 66 Evasion (%) 55 Melee Accuracy 5 Recoil Reduction 2 Item Schematics ----------------- None Robot Schematics ------------------ None Fabricated ------------ Nothing Alien Tech Used ----------------- None Achievements -------------- Batter Up Troublemaker Challenges ------------ None Game ------ Seed SalvageThiefDeconstructor Manual? 0 Play Time 00:30:42 Cumulative 3.0 hours Start 2024.04.19 @ 02:48:23 End 2024.04.19 @ 03:18:55 Sessions 1 Manual Loads 0 Difficulty Rogue Special Mode None Game No. 4 Rogue 4 Adventurer 0 Explorer 0 Win Type - Total 0 Types 0/0/0/0/0/0/0/0/0 Lore% 11 Gallery% 5 Achievement% 5 Wizard Run 0 Options --------- Layout 1 ASCII 0 Keyboard 0 Movement Arrows Keybinds 0 Fullscreen 1 Font 24/Smallcaps Map View 50x35 Zoom Use 0% Tactical HUD 0 Map Filters NONE Filters NONE Steam 1 RUN: b51f8646-bcc8-4d4b-ae74-f4e3fedcee99